 Dungeon Crawl Stone Soup version 0.31-a0-995-g04711c9635 (webtiles) character file.

Game seed: 8871843436885578737

74 EC1 the Chopper (level 4, -2/35 HPs)
             Began as a Human Fighter on Nov 5, 2023.
             Slain by a gnoll
             ... wielding a +4 flail
              (4 damage)
             ... on level 3 of the Dungeon.
             The game lasted 00:03:33 (1810 turns).

EC1 the Chopper (Human Fighter)                     Turns: 1810, Time: 00:03:34

Health: -2/35      AC: 11    Str: 18    XL:     4   Next: 54%
Magic:  4/4        EV: 10    Int:  8    God:
Gold:   100        SH:  5    Dex: 19    Spells: 3/3 levels left

rFire   . . .        a - +0 war axe
rCold   . . .        c - +0 buckler
rNeg    . . .        j - +0 plate armour
rPois   .            (no helmet)
rElec   .            (no cloak)
rCorr   .            (no gloves)
SInv    .            (no boots)
Will    .....        (no amulet) Stlth
                     m - +6 ring of dexterity
HPRegen 0.25/turn    n - +5 ring of evasion
MPRegen 0.09/turn

%: no passive effects
@: no status effects
A: no striking features
a: no special abilities


You were on level 3 of the Dungeon.
You visited 1 branch of the dungeon, and saw 3 of its levels.

You collected 100 gold pieces.

Inventory:

Hand Weapons
 a - a +0 war axe (weapon)
Armour
 b - a +0 scale mail
 c - a +0 buckler (worn)
 j - a +0 plate armour (worn)
 p - a +0 plate armour
Jewellery
 m - a +6 ring of dexterity (left hand)
 n - a +5 ring of evasion (right hand)
Talismans
 o - a beast talisman
Scrolls
 e - a scroll of revelation {unknown}
 f - a scroll of teleportation {unknown}
 g - 2 scrolls of vulnerability {unknown}
 k - 2 scrolls of identify {unknown}
 r - a scroll of enchant armour {unknown}
Potions
 d - a potion of might
 h - a potion of attraction {unknown}
 i - a potion of lignification {unknown}
 l - a potion of ambrosia {unknown}
 q - a potion of enlightenment {unknown}


   Skills:
 + Level 3.2 Fighting
 + Level 3.6 Axes
 + Level 3.3 Armour
 + Level 3.3 Shields


You had 3 spell levels left.
You didn't know any spells.
Your spell library contained the following spells:

 Spells                   Type           Power      Damage    Failure   Level
 Static Discharge         Conj/Air       0%         3-3/arc   100%        2
 Sublimation of Blood     Necr           0%         N/A       100%        2
 Call Canine Familiar     Summ           0%         N/A       100%        3
 Sigil of Binding         Hex            0%         N/A       100%        3
 Airstrike                Air            0%         2d(0-16)  100%        4
 Dimensional Bullseye     Hex/Tloc       0%         N/A       100%        4
 Leda's Liquefaction      Hex/Erth       0%         N/A       100%        4
 Petrify                  Tmut/Erth      0%         N/A       100%        4
 Summon Lightning Spire   Summ/Air       0%         N/A       100%        4
 Irradiate                Conj/Tmut      0%         3d11      100%        5


Dungeon Overview and Level Annotations

Branches:
Dungeon (3/15)

Altars:


Message History

The gnoll hits you with a +0 rapier.
You hit the gnoll but do no damage.
The gnoll is lightly wounded.
You block the gnoll's attack.
You barely miss the gnoll. The gnoll barely misses you.
You hit the gnoll but do no damage. The gnoll barely misses you.
You slash the gnoll!
The gnoll is heavily wounded.
The gnoll hits you with a +0 flail! x2
You slash the gnoll!
You kill the gnoll!
You barely miss the gnoll.
The gnoll is lightly wounded.
The gnoll hits you but does no damage.
You closely miss the gnoll.
The gnoll is lightly wounded.
You block the gnoll's attack. The gnoll hits you but does no damage.
You hit the gnoll.
The gnoll is moderately wounded.
You block the gnoll's attack.
You closely miss the gnoll.
The gnoll is moderately wounded.
You block the gnoll's attack.
You hit the gnoll.
The gnoll is severely wounded.
The gnoll hits you with a +0 rapier. The gnoll hits you but does no damage.
You barely miss the gnoll.
The gnoll is severely wounded.
The gnoll closely misses you.
You slash the gnoll!
You kill the gnoll!
The gnoll hits you with a +4 flail!
* * * LOW HITPOINT WARNING * * *
The gnoll misses you. The gnoll attacks as it pursues you!
The gnoll hits you with a +4 flail!
* * * LOW HITPOINT WARNING * * *
You slash the gnoll!
The gnoll is severely wounded.
The gnoll hits you with a +4 flail.
You die...

#............#<........
#.....>................
#####.....................(
#.............#############
#.########'#### #.# #.# #.#
#@# #.####g# #...)g.#
#..##### #


You could see 2 gnolls.

Vanquished Creatures
  An adder (D:2)
  2 gnolls (D:3)
  A worm (D:2)
  A dart slug (D:2)
  7 bats
  2 endoplasms
  2 giant cockroaches
  2 goblins (D:1)
  6 hobgoblins
  3 jackals (D:1)
  2 ball pythons (D:1)
  5 frilled lizards
  3 kobolds
  2 rats (D:1)
39 creatures vanquished.

Notes
Turn   | Place    | Note
-------+----------+-------------------------------------------
     0 | D:1      | EC1 the Human Fighter began the quest for the Orb.
     0 | D:1      | Reached XP level 1. HP: 18/18 MP: 1/1
   190 | D:1      | Reached XP level 2. HP: 24/24 MP: 2/2
   453 | D:1      | Reached XP level 3. HP: 27/29 MP: 3/3
  1195 | D:2      | Reached XP level 4. HP: 28/35 MP: 4/4
  1808 | D:3      | HP: 1/35 [gnoll/+4 flail (8)]
  1810 | D:3      | Slain by a gnoll

Illustrated notes

Levels and vault maps discovered:
D:1:      dpeg_arrival_pits, layout_loops_ring, patterned_corridor
D:2:      layout_loops_cross, minivault_5, minivault_26, minmay_diced_spiral
D:3:      layout_basic, chequers_temple_overflow_statue_of_worship,
          mainiacjoe_overflow_catwalk

Skill      XL: |  1  2  3 |
---------------+----------+-----
Axes           | 3 |  3.6
Fighting       | |  3.2
Armour         | |  3.3
Shields        | |  3.3

Action                     |  1- 3 |  4- 6 || total
---------------------------+-------+-------++-------
  Melee: War axe           |    91 |    19 ||   110
 Armour: Scale mail        |    49 |       ||    49
         Plate armour      |    19 |    12 ||    31
  Dodge: Dodged            |    43 |     6 ||    49
  Block: Buckler           |    20 |     4 ||    24

Table legend: (Time is in decaauts)
 A = Elapsed time spent in this place.
 B = Non-inter-level travel time spent in this place.
 C = Inter-level travel time spent in this place.
 D = Time resting spent in this place.
 E = Time spent auto-exploring this place.
 F = Levels seen in this place.
 G = Mean time per level.
                   A        B        C        D        E       F      G
               +--------+--------+--------+--------+--------+-----+--------+
         Total |   1851 |   1851 |      0 |     54 |   1035 |   3 |  617.0 |
       Dungeon |   1851 |   1851 |      0 |     54 |   1035 |   3 |  617.0 |
               +--------+--------+--------+--------+--------+-----+--------+

Top non-repeatable levels by time:
     D:1: 892 daAuts
     D:2: 835 daAuts
     D:3: 123 daAuts
